 Dungeon Crawl Stone Soup version 0.18.1-48-g4cf74bf (webtiles) character file.

1922 kosy22 the Ruffian (level 8, -3/80 HPs)
             Began as a Troll Monk on Aug 20, 2016.
             Was a Believer of Cheibriados.
             Slain by a killer bee (10 damage)
             ... on level 7 of the Dungeon.
             The game lasted 00:16:35 (5461 turns).

kosy22 the Ruffian (Troll Monk)                     Turns: 5461, Time: 00:16:36

Health: -3/80      AC:  9    Str: 26    XL:     8   Next: 96%
Magic:  6/6        EV: 15    Int: 13    God:    Cheibriados [**....]
Gold:   380        SH:  0    Dex: 18    Spells: 0 memorised, 7 levels left

rFire  . . .     SeeInvis .       - Unarmed
rCold  . . .     Gourm    +     i - +2 robe {MR+}
rNeg   . . .     Faith    .     (no shield)
rPois  .         Spirit   .     (helmet restricted)
rElec  +         Dismiss  .     (no cloak)
rCorr  +         Reflect  .     (gloves unavailable)
SustAt .         Harm     .     (boots unavailable)
MR     +....                    (no amulet)
Stlth  ++........               y - +3 ring of intelligence
                                w - ring of resist corrosion

@: about to teleport, very slow, somewhat resistant to hostile enchantments,
unstealthy
A: unfitting armour, claws 3, thin metallic scales 1, agile 1, blurry vision 1,
fast metabolism 3, gourmand, low mp 1, regeneration 2, screaming 1, shaggy fur
1, electricity resistance, tough skin 2
a: Bend Time, Renounce Religion


You were on level 7 of the Dungeon.
You worshipped Cheibriados.
Cheibriados was pleased with you.
You were not hungry.

You visited 2 branches of the dungeon, and saw 8 of its levels.

You collected 380 gold pieces.

Inventory:

Hand Weapons
 C - a +3 scythe
Missiles
 v - 2 poisoned needles
Armour
 a - a +0 robe
 i - a +2 robe of magic resistance (worn)
Jewellery
 g - an uncursed ring of poison resistance
 w - a ring of resist corrosion (left claw)
 y - a +3 ring of intelligence (right claw)
 A - an uncursed ring of magical power
 F - an uncursed ring of sustain attributes
Wands
 j - a wand of enslavement (10/24)
 u - a wand of paralysis (11/24)
 B - a wand of flame (19/48)
 D - a wand of acid (8/15)
Scrolls
 l - a scroll of enchant armour {unknown}
 o - 2 scrolls of remove curse {unknown}
 p - 2 scrolls of teleportation
 s - 5 scrolls of magic mapping
 t - a scroll of immolation {unknown}
 x - 2 scrolls of blinking {unknown}
Potions
 f - a potion of cancellation {unknown}
 k - a potion of lignification
 m - a potion of brilliance
 q - 2 potions of flight
 z - a potion of haste
Comestibles
 b - 10 bread rations
 d - 2 slices of pizza
 h - 5 fruits
 n - a beef jerky
 r - a royal jelly
 E - 3 meat rations


   Skills:
 + Level 5.2 Fighting
 + Level 7.0 Dodging
 + Level 2.3 Stealth
 + Level 7.1 Unarmed Combat


You had 7 spell levels left.
You didn't know any spells.

Dungeon Overview and Level Annotations

Branches:
Dungeon (7/15)             Temple (1/1) D:7

Altars:
Ashenzari
Cheibriados
Dithmenos
Elyvilon
Fedhas
Okawaru
Pakellas
Qazlal
Ru
Vehumet
Xom

Shops:
D:5 *


Innate Abilities, Weirdness & Mutations

You are too large for most types of armour.
You have claws for hands.
Your metabolism is lightning-fast.
You like to eat raw meat.
You heal very quickly.
You are covered in fur (AC +1).
You have very tough skin (AC +2).
You are partially covered in thin metallic scales (AC +2).
You are agile. (Dex +2)
Scrolls take you a little longer to read.
Your magical capacity is low (-10% MP).
You occasionally shout uncontrollably at your foes.
You are resistant to electric shocks.


Message History

You begin reading the scroll.
You continue reading the scroll.
* * * LOW HITPOINT WARNING * * *
You feel sick.
The killer bee stings you but does no damage.
The killer bee stings you.
* * * LOW HITPOINT WARNING * * *
The killer bee stings you.
* * * LOW HITPOINT WARNING * * *
The killer bee barely misses you.
The killer bee stings you but does no damage.
The killer bee misses you.
As you read the scroll of teleportation, it crumbles to dust.
You feel strangely unstable.
Drink which item? (? for menu, Esc to quit)
You feel better. The killer bee closely misses you.
The killer bee barely misses you. The killer bee stings you.
* * * LOW HITPOINT WARNING * * *
The killer bee barely misses you. The killer bee completely misses you.
The killer bee stings you!
You die...

... #. ..# ... #.. ..#
..# #.# #.## . #..#
#..### #..##....#
#..#.... #....# # .#
#..@.# # #. .# ##yyy# #..
###.. .. #..†###..
##...##..
###........##...#....
###...#................
#..#####..............#
##..## #.........†...##
#....####.............#.
#.##.....#.........#.....


You could see 3 killer bees.

Vanquished Creatures
  Sigmund (D:6)
  Eustachio (D:6)
  Menkaure (D:5)
  An ice beast (D:6)
  A sky beast (D:6)
  An ogre (D:4)
  A phantom (D:5)
  A centaur (D:5)
  2 giant frogs
  2 scorpions
  A killer bee (D:7)
  3 crimson imps
  6 hounds
  An orc priest (D:3)
  A centaur skeleton (D:4)
  5 orc wizards (D:6)
  Jessica (D:2)
  An iguana (D:6)
  3 worker ants
  8 adders
  A howler monkey skeleton (D:4)
  2 oozes
  An adder zombie (D:5)
  4 worms
  2 dart slugs
  5 giant geckos
  15 orcs
  6 giant cockroaches
  6 hobgoblins
  7 jackals
  8 bats
  12 giant newts
  5 goblins
  A kobold (D:2)
  7 rats
124 creatures vanquished.

Vanquished Creatures (others)
  A crocodile (D:5)
1 creature vanquished.

Grand Total: 125 creatures vanquished

Notes
Turn   | Place    | Note
--------------------------------------------------------------
     0 | D:1      | kosy22 the Troll Monk began the quest for the Orb.
     0 | D:1      | Reached XP level 1. HP: 22/22 MP: 0/0
   117 | D:1      | Reached XP level 2. HP: 26/29 MP: 1/1
   637 | D:2      | Reached XP level 3. HP: 36/36 MP: 2/2
   740 | D:2      | Noticed Jessica
   755 | D:2      | Killed Jessica
   755 | D:2      | Reached XP level 4. HP: 44/44 MP: 3/3
  1226 | D:2      | Found a stormy altar of Qazlal.
  1415 | D:3      | HP: 1/45 [orc priest/nerve-wracking pain (13)]
  1422 | D:3      | Reached XP level 5. HP: 3/53 MP: 4/4
  2243 | D:4      | Reached skill level 5 in Unarmed Combat
  2490 | D:4      | Reached XP level 6. HP: 58/61 MP: 5/5
  2730 | D:5      | Entered Level 5 of the Dungeon
  2765 | D:5      | Reached XP level 7. HP: 39/68 MP: 6/6
  2870 | D:5      | Noticed Menkaure
  2880 | D:5      | Killed Menkaure
  2880 | D:5      | Reached skill level 5 in Dodging
  2946 | D:5      | Found Cudamixza's General Store.
  2970 | D:5      | Found an oddly glowing altar of Pakellas.
  2970 | D:5      | Noticed an orange crystal statue
  3921 | D:6      | Noticed Sigmund
  3941 | D:6      | Killed Sigmund
  3941 | D:6      | Reached XP level 8. HP: 27/79 MP: 7/7
  4246 | D:6      | Gained mutation: Your magical capacity is low (-10% MP). [potion of mutation]
  4246 | D:6      | Gained mutation: You are resistant to electric shocks. [potion of mutation]
  4246 | D:6      | Gained mutation: You are agile. (Dex +2) [potion of mutation]
  4247 | D:6      | Gained mutation: You are partially covered in thin metallic scales (AC +2). [potion of mutation]
  4247 | D:6      | Gained mutation: Scrolls take you a little longer to read. [potion of mutation]
  4247 | D:6      | Gained mutation: You occasionally shout uncontrollably at your foes. [potion of mutation]
  4427 | D:6      | Noticed Eustachio
  4459 | D:6      | Killed Eustachio
  4459 | D:6      | Reached skill level 5 in Fighting
  4805 | D:7      | Found a staircase to the Ecumenical Temple.
  4825 | Temple   | Entered the Ecumenical Temple
  4957 | Temple   | Became a worshipper of Cheibriados the Contemplative
  4957 | Temple   | Reached * piety under Cheibriados
  4957 | Temple   | Reached ** piety under Cheibriados
  5109 | D:7      | Found a shimmering altar of Xom.
  5460 | D:7      | HP: 2/80 [killer bee (5)]
  5461 | D:7      | Slain by a killer bee

Skill      XL: |  1  2  3  4  5  6  7  8 |
---------------+-------------------------+-----
Dodging        | 3 4 5 7 |  7.0
Fighting       | 3 4 5 |  5.2
Unarmed Combat | 5 6 7 |  7.1
Stealth        | 2 |  2.3

Action                   |  1- 3 |  4- 6 |  7- 9 || total
-------------------------+-------+-------+-------++-------
Melee: Unarmed           |    67 |   148 |   185 ||   400
       Punch             |       |       |     6 ||     6
Evoke: Wand              |       |       |     1 ||     1
  Use: Scroll            |     2 |       |    10 ||    12
       Potion            |       |       |     8 ||     8
 Stab: Sleeping          |     1 |     1 |     1 ||     3
  Eat: Chunk             |    12 |    14 |    19 ||    45
       Fruit             |       |       |     1 ||     1
Armor: Robe              |    61 |    84 |    73 ||   218
Dodge: Dodged            |    67 |   119 |   158 ||   344
